General information
- name: BNet
- type: Ladder team game (AT/RT)
- host: Battle.net
- saver: bLinn
map: FullScaleAssault
- players: 8
- length: 56:25
- speed: Fast
- version: 1.21 W3XP
- replay type:

» download(471 KB)
Players
team 1 (winner)
bLinn (
green | 90 APM | 5059 actions | 56:25)
5 Blademaster
3 Wind Walk
2 Critical Strike
5 Tauren Chieftain
3 Shockwave
2 Endurance Aura
» actions
| Assign group hotkey | 156 | |
| Basic commands | 13 | |
| Build / train | 98 | |
| ESC pressed | 1 | |
| Enter build submenu | 88 | |
| Enter hero's abilities submenu | 10 | |
| Give item / drop item | 20 | |
| Remove unit from queue | 4 | |
| Right click | 3045 | |
| Select / deselect | 746 | |
| Select group hotkey | 517 | |
| Use ability | 360 | |
5059 total
» units
| Peon | 21 | |
| Troll Batrider | 27 | |
| Goblin Zeppelin | 1 | |
49 total
» upgrades
| Spiked Barricades | 2 | |
| Liquid Fire | 1 | |
| Reinforced Defenses | 1 | |
| Armor | 1 | |
5 total
» buildings
| Altar of Storms | 1 | |
| Orc Burrow | 4 | |
| War Mill | 1 | |
| Watch Tower | 121 | |
| Voodoo Lounge | 3 | |
| Stronghold | 3 | |
| Fortress | 2 | |
| Beastiary | 2 | |
| Great Hall | 2 | |
139 total
» build order
00:02 Altar of Storms
00:10 Orc Burrow
00:20 War Mill
01:58 Watch Tower
02:18 Watch Tower
02:36 Orc Burrow
03:51 Watch Tower
03:54 Watch Tower
04:03 Voodoo Lounge
04:09 Voodoo Lounge
04:43 Stronghold
04:43 Stronghold
04:44 Stronghold
04:59 Watch Tower
05:58 Orc Burrow
06:02 Watch Tower
06:10 Watch Tower
06:11 Watch Tower
07:06 Watch Tower
07:17 Fortress
07:17 Fortress
08:00 Beastiary
08:01 Beastiary
08:10 Orc Burrow
08:32 Watch Tower
08:34 Watch Tower
08:44 Watch Tower
08:48 Voodoo Lounge
08:49 Watch Tower
09:22 Watch Tower
09:23 Watch Tower
09:23 Watch Tower
09:24 Watch Tower
09:53 Watch Tower
10:31 Great Hall
11:00 Watch Tower
11:56 Watch Tower
11:56 Watch Tower
13:18 Watch Tower
13:18 Watch Tower
13:24 Watch Tower
14:27 Watch Tower
14:28 Watch Tower
14:29 Watch Tower
14:38 Watch Tower
16:31 Watch Tower
16:31 Watch Tower
16:32 Watch Tower
16:33 Watch Tower
17:29 Watch Tower
17:30 Watch Tower
17:31 Watch Tower
17:32 Watch Tower
17:33 Watch Tower
17:33 Watch Tower
18:48 Watch Tower
18:48 Watch Tower
18:50 Watch Tower
18:51 Watch Tower
18:52 Watch Tower
18:52 Watch Tower
18:55 Watch Tower
18:55 Watch Tower
18:56 Watch Tower
18:57 Watch Tower
23:56 Watch Tower
23:56 Watch Tower
24:01 Watch Tower
24:02 Watch Tower
24:02 Watch Tower
24:04 Watch Tower
24:05 Watch Tower
24:06 Watch Tower
24:07 Watch Tower
24:08 Watch Tower
24:09 Watch Tower
24:10 Watch Tower
24:10 Watch Tower
24:12 Watch Tower
24:13 Watch Tower
24:14 Watch Tower
24:14 Watch Tower
28:31 Great Hall
32:08 Watch Tower
32:09 Watch Tower
32:10 Watch Tower
32:11 Watch Tower
41:17 Watch Tower
41:18 Watch Tower
41:19 Watch Tower
41:21 Watch Tower
41:22 Watch Tower
41:24 Watch Tower
41:25 Watch Tower
41:26 Watch Tower
41:29 Watch Tower
41:31 Watch Tower
44:14 Watch Tower
44:15 Watch Tower
44:16 Watch Tower
44:17 Watch Tower
47:08 Watch Tower
47:09 Watch Tower
47:10 Watch Tower
47:11 Watch Tower
47:15 Watch Tower
47:22 Watch Tower
47:25 Watch Tower
49:46 Watch Tower
49:46 Watch Tower
49:48 Watch Tower
49:50 Watch Tower
50:30 Watch Tower
52:18 Watch Tower
52:19 Watch Tower
52:21 Watch Tower
52:22 Watch Tower
52:24 Watch Tower
52:26 Watch Tower
52:28 Watch Tower
52:29 Watch Tower
52:31 Watch Tower
52:32 Watch Tower
52:36 Watch Tower
52:37 Watch Tower
52:38 Watch Tower
52:40 Watch Tower
52:41 Watch Tower
52:42 Watch Tower
52:45 Watch Tower
52:47 Watch Tower
52:53 Watch Tower
52:55 Watch Tower
52:57 Watch Tower
52:59 Watch Tower
53:00 Watch Tower
53:01 Watch Tower
53:02 Watch Tower
53:02 Watch Tower
» items
| Healing Salve | 2 | |
| Lesser Clarity Potion | 3 | |
| Scroll of Speed | 1 | |
| Orb of Lightning | 2 | |
| Staff of Sanctuary | 1 | |
| Scroll of Town Portal | 1 | |
| Staff of Teleportation | 1 | |
| Boots of Speed | 1 | |
12 total
Gobiner (
orange | 51 APM | 2857 actions | 56:23)
5 Archmage
3 Blizzard
2 Brilliance Aura
5 Blood Mage
3 Flame Strike
2 Siphon Mana
» actions
| Assign group hotkey | 11 | |
| Basic commands | 109 | |
| Build / train | 157 | |
| ESC pressed | 5 | |
| Enter build submenu | 59 | |
| Enter hero's abilities submenu | 10 | |
| Give item / drop item | 4 | |
| Right click | 982 | |
| Select / deselect | 543 | |
| Select group hotkey | 592 | |
| Use ability | 385 | |
2857 total
» units
| Peasant | 30 | |
| Sorceress | 5 | |
| Priest | 5 | |
| Dragonhawk Rider | 7 | |
| Goblin Zeppelin | 1 | |
48 total
» upgrades
| Masonry | 3 | |
| Lumber Harvesting | 2 | |
| Magic Sentry | 1 | |
| Sorceress Training | 2 | |
| Animal War Training | 1 | |
| Cloud | 1 | |
| Armor | 3 | |
| Swords | 3 | |
| Priest Training | 2 | |
| Backpack | 1 | |
| Plating | 1 | |
| Gunpowder | 1 | |
| Flak Cannons | 1 | |
| Fragmentation Shards | 1 | |
| Flying Machine Bombs | 1 | |
| Flare | 1 | |
| Barrage | 1 | |
26 total
» buildings
| Altar of Kings | 1 | |
| Farm | 6 | |
| Lumber Mill | 1 | |
| Scout Tower | 161 | |
| Arcane Tower | 5 | |
| Guard Tower | 52 | |
| Keep | 1 | |
| Town Hall | 2 | |
| Castle | 1 | |
| Arcane Sanctum | 1 | |
| Arcane Vault | 1 | |
| Blacksmith | 1 | |
| Barracks | 1 | |
| Gryphon Aviary | 1 | |
| Workshop | 2 | |
237 total
» build order
00:08 Altar of Kings
00:18 Farm
00:29 Lumber Mill
01:09 Scout Tower
01:24 Farm
01:35 Arcane Tower
01:35 Arcane Tower
01:45 Scout Tower
01:53 Scout Tower
02:12 Guard Tower
02:12 Guard Tower
02:13 Guard Tower
02:20 Scout Tower
02:27 Scout Tower
02:34 Guard Tower
02:34 Guard Tower
02:34 Guard Tower
02:57 Scout Tower
02:59 Scout Tower
03:01 Guard Tower
03:03 Guard Tower
03:03 Guard Tower
03:36 Guard Tower
03:44 Scout Tower
03:45 Scout Tower
04:14 Guard Tower
04:16 Scout Tower
04:20 Scout Tower
04:40 Keep
05:08 Guard Tower
05:42 Scout Tower
05:43 Scout Tower
05:44 Scout Tower
05:48 Town Hall
06:16 Guard Tower
06:43 Guard Tower
08:00 Scout Tower
08:01 Scout Tower
08:10 Scout Tower
08:13 Scout Tower
08:16 Castle
09:49 Arcane Tower
09:50 Guard Tower
09:54 Guard Tower
10:23 Scout Tower
10:24 Scout Tower
10:24 Scout Tower
10:26 Scout Tower
10:26 Scout Tower
10:27 Scout Tower
11:00 Guard Tower
11:30 Guard Tower
12:07 Guard Tower
12:12 Arcane Sanctum
12:22 Scout Tower
12:24 Scout Tower
12:25 Scout Tower
12:27 Scout Tower
12:29 Scout Tower
12:30 Scout Tower
12:31 Scout Tower
12:32 Scout Tower
13:09 Arcane Vault
13:25 Guard Tower
14:16 Blacksmith
14:17 Barracks
14:18 Gryphon Aviary
15:41 Farm
15:42 Farm
15:43 Farm
17:43 Scout Tower
17:43 Scout Tower
17:48 Scout Tower
17:49 Scout Tower
17:50 Scout Tower
17:52 Scout Tower
17:53 Scout Tower
17:56 Scout Tower
17:58 Scout Tower
17:59 Scout Tower
17:59 Scout Tower
18:00 Scout Tower
18:02 Scout Tower
18:03 Scout Tower
18:04 Scout Tower
18:05 Scout Tower
18:08 Scout Tower
18:08 Scout Tower
18:10 Scout Tower
18:10 Scout Tower
18:13 Scout Tower
18:14 Scout Tower
18:15 Scout Tower
18:16 Scout Tower
18:19 Scout Tower
18:19 Scout Tower
18:21 Scout Tower
18:21 Scout Tower
19:02 Guard Tower
21:11 Farm
21:14 Guard Tower
21:46 Guard Tower
23:42 Guard Tower
24:55 Guard Tower
25:37 Scout Tower
25:38 Scout Tower
25:45 Scout Tower
25:47 Scout Tower
25:50 Scout Tower
25:51 Scout Tower
27:23 Guard Tower
27:24 Scout Tower
27:34 Scout Tower
27:34 Scout Tower
27:37 Scout Tower
27:37 Scout Tower
27:37 Scout Tower
27:38 Scout Tower
27:38 Scout Tower
27:39 Scout Tower
27:40 Scout Tower
27:41 Scout Tower
28:05 Guard Tower
28:46 Guard Tower
28:54 Scout Tower
28:55 Scout Tower
28:57 Scout Tower
28:58 Scout Tower
29:12 Guard Tower
29:18 Scout Tower
29:19 Scout Tower
29:20 Scout Tower
29:21 Scout Tower
29:22 Scout Tower
29:38 Guard Tower
30:30 Guard Tower
30:48 Guard Tower
30:58 Guard Tower
31:23 Guard Tower
31:29 Scout Tower
31:30 Scout Tower
31:30 Scout Tower
32:02 Scout Tower
32:04 Scout Tower
32:38 Guard Tower
33:23 Guard Tower
33:39 Scout Tower
33:40 Scout Tower
33:40 Scout Tower
33:41 Scout Tower
33:42 Scout Tower
33:44 Scout Tower
33:53 Guard Tower
33:55 Scout Tower
33:57 Scout Tower
35:38 Guard Tower
35:54 Guard Tower
35:56 Scout Tower
35:56 Scout Tower
35:57 Scout Tower
35:57 Scout Tower
35:58 Scout Tower
36:00 Scout Tower
36:41 Guard Tower
37:29 Guard Tower
37:41 Scout Tower
38:14 Scout Tower
38:14 Scout Tower
38:15 Scout Tower
38:16 Scout Tower
38:18 Scout Tower
38:19 Scout Tower
38:20 Scout Tower
38:21 Scout Tower
40:45 Guard Tower
40:55 Guard Tower
41:44 Guard Tower
41:53 Guard Tower
42:42 Workshop
42:51 Workshop
43:37 Scout Tower
43:38 Scout Tower
43:39 Scout Tower
43:40 Scout Tower
43:41 Scout Tower
43:45 Scout Tower
43:46 Scout Tower
43:47 Scout Tower
43:48 Scout Tower
43:48 Scout Tower
43:50 Scout Tower
43:50 Scout Tower
43:52 Scout Tower
43:53 Scout Tower
43:54 Scout Tower
43:55 Scout Tower
43:57 Scout Tower
43:58 Scout Tower
44:00 Scout Tower
44:01 Scout Tower
44:01 Scout Tower
44:02 Scout Tower
44:03 Scout Tower
44:06 Scout Tower
44:07 Scout Tower
44:07 Scout Tower
44:55 Guard Tower
44:57 Guard Tower
47:54 Guard Tower
47:59 Guard Tower
48:02 Scout Tower
48:14 Scout Tower
48:16 Scout Tower
48:18 Scout Tower
48:20 Scout Tower
48:21 Scout Tower
48:24 Scout Tower
49:06 Arcane Tower
49:22 Arcane Tower
52:29 Scout Tower
52:30 Scout Tower
52:31 Scout Tower
52:36 Scout Tower
52:56 Town Hall
53:43 Guard Tower
53:44 Scout Tower
53:47 Scout Tower
53:48 Scout Tower
53:49 Scout Tower
53:50 Scout Tower
53:53 Scout Tower
53:55 Scout Tower
53:57 Scout Tower
53:59 Scout Tower
54:00 Scout Tower
» items
| Boots of Speed | 2 | |
| Staff of Teleportation | 2 | |
| Lesser Clarity Potion | 2 | |
| Healing Salve | 1 | |
| Orb of Lightning | 2 | |
| Staff of Sanctuary | 2 | |
| Potion of Mana | 1 | |
12 total
Iceberg-Slim (
red | 98 APM | 5528 actions | 56:23)
6 Pandaren Brewmaster
3 Breath of Fire
2 Drunken Haze
1 Storm Earth and Fire
5 Naga Sea Witch
3 Frost Arrows
2 Forked Lightning
5 Dark Ranger
2 Black Arrow
3 Silence
» actions
| Assign group hotkey | 11 | |
| Basic commands | 349 | |
| Build / train | 88 | |
| ESC pressed | 4 | |
| Enter build submenu | 25 | |
| Enter hero's abilities submenu | 16 | |
| Give item / drop item | 6 | |
| Remove unit from queue | 2 | |
| Right click | 3119 | |
| Select / deselect | 662 | |
| Select group hotkey | 1082 | |
| Use ability | 164 | |
5528 total
» units
| Wisp | 31 | |
| Goblin Zeppelin | 1 | |
| Hippogryph | 2 | |
| Chimaera | 4 | |
38 total
» upgrades
| Nature's Blessing | 1 | |
| Ultravision | 1 | |
| Strength of the Wild | 3 | |
| Reinforced Hides | 3 | |
| Well Spring | 1 | |
| Corrosive Breath | 1 | |
10 total
» buildings
| Altar of Elders | 1 | |
| Moon Well | 13 | |
| Tree of Ages | 1 | |
| Tree of Life | 2 | |
| Ancient of Wonders | 2 | |
| Hunter's Hall | 1 | |
| Tree of Eternity | 1 | |
| Ancient of Wind | 1 | |
| Ancient Protector | 2 | |
| Chimaera Roost | 3 | |
27 total
» build order
00:07 Altar of Elders
00:22 Moon Well
00:53 Moon Well
03:06 Moon Well
04:05 Moon Well
04:41 Tree of Ages
05:13 Tree of Life
06:14 Moon Well
06:44 Moon Well
07:17 Ancient of Wonders
07:51 Hunter's Hall
09:07 Tree of Eternity
09:33 Ancient of Wind
11:22 Moon Well
12:35 Tree of Life
12:40 Ancient of Wonders
20:33 Ancient Protector
21:16 Ancient Protector
23:24 Moon Well
23:38 Moon Well
24:34 Moon Well
25:30 Moon Well
25:33 Moon Well
29:51 Moon Well
31:36 Chimaera Roost
31:39 Chimaera Roost
31:41 Chimaera Roost
» items
| Boots of Speed | 3 | |
| Staff of Teleportation | 3 | |
| Orb of Venom | 1 | |
| Circlet of Nobility | 5 | |
| Scroll of Town Portal | 2 | |
| Scroll of Speed | 2 | |
16 total
TIMG4STRok (
purple | 71 APM | 3978 actions | 56:23)
4 Archmage
2 Blizzard
2 Brilliance Aura
4 Mountain King
2 Storm Bolt
2 Bash
3 Paladin
2 Holy Light
1 Divine Shield
» actions
| Assign group hotkey | 7 | |
| Basic commands | 36 | |
| Build / train | 167 | |
| ESC pressed | 3 | |
| Enter build submenu | 101 | |
| Enter hero's abilities submenu | 11 | |
| Give item / drop item | 6 | |
| Right click | 1686 | |
| Select / deselect | 458 | |
| Select group hotkey | 1026 | |
| Use ability | 477 | |
3978 total
» units
| Peasant | 22 | |
| Goblin Shredder | 1 | |
| Goblin Zeppelin | 1 | |
24 total
» upgrades
| Masonry | 3 | |
| Armor | 3 | |
| Swords | 3 | |
| Lumber Harvesting | 2 | |
| Magic Sentry | 1 | |
| Animal War Training | 1 | |
| Cloud | 1 | |
| Storm Hammers | 1 | |
| Backpack | 1 | |
| Defend | 1 | |
| Long Rifles | 1 | |
| Sorceress Training | 1 | |
| Priest Training | 1 | |
| Control Magic | 1 | |
| Gunpowder | 1 | |
| Plating | 1 | |
23 total
» buildings
| Lumber Mill | 2 | |
| Altar of Kings | 1 | |
| Farm | 7 | |
| Scout Tower | 242 | |
| Arcane Tower | 2 | |
| Guard Tower | 85 | |
| Town Hall | 2 | |
| Keep | 1 | |
| Blacksmith | 1 | |
| Arcane Vault | 5 | |
| Barracks | 1 | |
| Castle | 1 | |
| Arcane Sanctum | 1 | |
| Gryphon Aviary | 1 | |
| Workshop | 1 | |
353 total
» build order
00:13 Lumber Mill
00:49 Altar of Kings
00:50 Farm
01:22 Scout Tower
01:39 Scout Tower
01:52 Scout Tower
02:08 Farm
02:10 Arcane Tower
02:11 Scout Tower
02:23 Guard Tower
02:24 Scout Tower
02:42 Guard Tower
02:45 Scout Tower
02:55 Guard Tower
02:56 Scout Tower
02:58 Scout Tower
02:59 Scout Tower
03:00 Scout Tower
03:12 Guard Tower
03:13 Scout Tower
04:00 Guard Tower
04:03 Scout Tower
04:04 Scout Tower
04:09 Scout Tower
04:10 Scout Tower
04:38 Guard Tower
04:40 Scout Tower
04:41 Scout Tower
05:22 Guard Tower
05:41 Guard Tower
05:47 Guard Tower
06:04 Guard Tower
06:09 Town Hall
06:13 Scout Tower
06:14 Scout Tower
06:20 Scout Tower
06:22 Scout Tower
07:51 Guard Tower
07:53 Scout Tower
07:54 Scout Tower
08:11 Scout Tower
08:13 Scout Tower
08:14 Scout Tower
08:14 Scout Tower
08:15 Scout Tower
08:29 Guard Tower
08:50 Scout Tower
08:50 Scout Tower
08:52 Scout Tower
08:53 Scout Tower
08:53 Scout Tower
08:55 Keep
08:56 Guard Tower
09:09 Scout Tower
09:10 Scout Tower
09:20 Scout Tower
09:21 Scout Tower
09:23 Scout Tower
09:23 Scout Tower
09:25 Scout Tower
09:26 Scout Tower
09:28 Scout Tower
09:29 Scout Tower
09:31 Scout Tower
09:32 Scout Tower
09:34 Scout Tower
09:35 Scout Tower
09:37 Scout Tower
09:38 Scout Tower
09:38 Scout Tower
09:40 Scout Tower
09:41 Scout Tower
09:42 Scout Tower
09:44 Scout Tower
09:47 Scout Tower
09:47 Scout Tower
09:49 Scout Tower
09:50 Scout Tower
09:51 Scout Tower
09:53 Scout Tower
09:53 Scout Tower
09:54 Scout Tower
09:56 Scout Tower
09:56 Scout Tower
09:58 Scout Tower
09:58 Scout Tower
09:59 Scout Tower
10:01 Scout Tower
10:01 Scout Tower
10:02 Scout Tower
10:04 Scout Tower
10:04 Scout Tower
10:05 Scout Tower
10:07 Scout Tower
10:08 Scout Tower
10:10 Scout Tower
10:12 Scout Tower
10:20 Guard Tower
10:23 Guard Tower
10:29 Guard Tower
10:33 Blacksmith
10:34 Farm
10:42 Arcane Vault
10:44 Arcane Vault
10:53 Guard Tower
10:58 Scout Tower
10:59 Scout Tower
11:00 Scout Tower
11:01 Scout Tower
11:01 Scout Tower
11:03 Scout Tower
11:04 Scout Tower
11:06 Scout Tower
11:12 Scout Tower
11:15 Scout Tower
11:18 Scout Tower
11:19 Scout Tower
11:19 Scout Tower
11:20 Scout Tower
11:21 Scout Tower
11:21 Scout Tower
11:23 Scout Tower
11:25 Scout Tower
11:32 Guard Tower
11:38 Guard Tower
12:00 Barracks
12:21 Guard Tower
12:39 Castle
12:46 Guard Tower
13:22 Scout Tower
13:23 Scout Tower
13:24 Scout Tower
13:37 Guard Tower
13:39 Guard Tower
13:52 Arcane Sanctum
14:06 Guard Tower
14:12 Guard Tower
14:39 Guard Tower
14:41 Guard Tower
14:45 Guard Tower
14:49 Scout Tower
14:49 Scout Tower
14:50 Scout Tower
14:50 Scout Tower
15:19 Guard Tower
15:44 Scout Tower
15:45 Scout Tower
15:47 Scout Tower
15:48 Scout Tower
15:48 Scout Tower
15:49 Scout Tower
15:51 Scout Tower
15:52 Scout Tower
15:54 Scout Tower
15:55 Scout Tower
15:56 Scout Tower
15:57 Scout Tower
16:00 Scout Tower
16:00 Scout Tower
16:02 Scout Tower
16:03 Scout Tower
16:05 Scout Tower
16:06 Scout Tower
16:11 Scout Tower
16:11 Scout Tower
16:12 Scout Tower
16:13 Scout Tower
16:14 Scout Tower
16:15 Scout Tower
16:19 Scout Tower
16:20 Scout Tower
16:21 Scout Tower
16:27 Guard Tower
16:36 Guard Tower
17:31 Scout Tower
17:33 Scout Tower
17:35 Scout Tower
17:48 Scout Tower
17:48 Scout Tower
17:49 Scout Tower
17:50 Scout Tower
17:51 Scout Tower
17:52 Scout Tower
17:52 Scout Tower
17:52 Scout Tower
17:53 Scout Tower
18:00 Guard Tower
18:04 Guard Tower
18:08 Guard Tower
18:23 Guard Tower
18:31 Guard Tower
18:33 Guard Tower
18:59 Guard Tower
19:03 Scout Tower
19:04 Scout Tower
19:06 Scout Tower
19:07 Scout Tower
19:33 Guard Tower
19:34 Farm
19:35 Farm
19:36 Farm
19:39 Farm
19:42 Guard Tower
19:49 Guard Tower
20:05 Guard Tower
20:10 Guard Tower
20:29 Guard Tower
20:48 Guard Tower
21:42 Guard Tower
21:49 Guard Tower
21:51 Scout Tower
21:54 Scout Tower
21:56 Scout Tower
21:57 Scout Tower
22:07 Guard Tower
22:15 Scout Tower
22:16 Scout Tower
22:22 Guard Tower
22:29 Guard Tower
22:45 Guard Tower
22:47 Guard Tower
22:49 Scout Tower
22:50 Scout Tower
22:52 Scout Tower
22:55 Scout Tower
23:06 Scout Tower
23:09 Scout Tower
23:14 Scout Tower
23:15 Scout Tower
23:15 Scout Tower
23:40 Guard Tower
23:42 Scout Tower
23:47 Scout Tower
23:48 Scout Tower
23:48 Scout Tower
23:50 Scout Tower
23:51 Scout Tower
23:52 Scout Tower
24:07 Guard Tower
24:26 Guard Tower
24:26 Guard Tower
24:28 Guard Tower
25:36 Guard Tower
25:38 Scout Tower
25:39 Scout Tower
25:40 Scout Tower
25:41 Scout Tower
25:44 Scout Tower
25:57 Scout Tower
25:58 Scout Tower
25:59 Scout Tower
26:00 Scout Tower
26:01 Scout Tower
26:02 Scout Tower
26:03 Scout Tower
26:04 Scout Tower
26:06 Scout Tower
26:24 Gryphon Aviary
26:41 Guard Tower
27:47 Guard Tower
27:54 Scout Tower
27:56 Scout Tower
28:04 Arcane Vault
28:09 Guard Tower
28:38 Scout Tower
28:39 Scout Tower
28:40 Scout Tower
28:41 Scout Tower
28:41 Scout Tower
28:42 Scout Tower
28:43 Scout Tower
28:44 Scout Tower
28:44 Scout Tower
28:45 Scout Tower
28:46 Scout Tower
28:46 Scout Tower
28:47 Scout Tower
28:47 Scout Tower
28:49 Scout Tower
28:55 Guard Tower
29:02 Arcane Vault
29:03 Guard Tower
29:05 Scout Tower
29:05 Scout Tower
29:06 Scout Tower
29:07 Scout Tower
29:07 Scout Tower
29:08 Scout Tower
29:10 Scout Tower
29:14 Scout Tower
29:15 Scout Tower
29:21 Lumber Mill
31:06 Guard Tower
31:08 Guard Tower
31:36 Guard Tower
32:07 Guard Tower
32:14 Guard Tower
33:06 Guard Tower
34:14 Guard Tower
34:17 Scout Tower
34:18 Scout Tower
34:40 Guard Tower
35:15 Guard Tower
36:25 Arcane Tower
42:47 Town Hall
43:03 Scout Tower
43:04 Scout Tower
43:12 Scout Tower
43:22 Scout Tower
43:23 Scout Tower
43:24 Scout Tower
43:25 Scout Tower
43:26 Scout Tower
43:27 Scout Tower
43:30 Scout Tower
43:30 Scout Tower
43:31 Scout Tower
43:32 Scout Tower
43:33 Scout Tower
43:33 Scout Tower
43:35 Scout Tower
43:35 Scout Tower
43:36 Scout Tower
43:37 Scout Tower
43:38 Scout Tower
43:39 Scout Tower
43:41 Scout Tower
43:42 Scout Tower
43:43 Scout Tower
43:44 Scout Tower
43:45 Scout Tower
43:45 Scout Tower
43:46 Scout Tower
43:47 Scout Tower
43:48 Scout Tower
43:51 Scout Tower
43:51 Scout Tower
43:52 Scout Tower
43:53 Guard Tower
44:19 Guard Tower
44:28 Arcane Vault
44:31 Guard Tower
45:10 Guard Tower
45:41 Guard Tower
45:55 Guard Tower
45:58 Guard Tower
46:06 Guard Tower
46:19 Workshop
46:43 Guard Tower
47:36 Guard Tower
48:06 Guard Tower
49:44 Guard Tower
» items
| Staff of Teleportation | 3 | |
| Boots of Speed | 4 | |
| Lesser Clarity Potion | 1 | |
| Healing Salve | 1 | |
| Orb of Lightning | 5 | |
| Staff of Sanctuary | 3 | |
17 total
team 2 (loser)
Bael.xLWx (
yellow | 46 APM | 2548 actions | 55:49)
3 Tauren Chieftain
2 War Stomp
1 Shockwave
2 Shadow Hunter
1 Healing Wave
1 Hex
» actions
| Assign group hotkey | 55 | |
| Basic commands | 146 | |
| Build / train | 93 | |
| Enter build submenu | 26 | |
| Enter hero's abilities submenu | 5 | |
| Remove unit from queue | 2 | |
| Right click | 963 | |
| Select / deselect | 638 | |
| Select group hotkey | 505 | |
| Use ability | 114 | |
2548 total
» units
| Peon | 18 | |
| Grunt | 3 | |
| Troll Witch Doctor | 15 | |
| Demolisher | 14 | |
| Troll Batrider | 18 | |
| Tauren | 3 | |
71 total
» upgrades
| Witch Doctor Training | 2 | |
| Liquid Fire | 1 | |
| Burning Oil | 1 | |
| Ranged Weapons | 3 | |
| Pulverize | 1 | |
| Armor | 2 | |
10 total
» buildings
| Altar of Storms | 1 | |
| Orc Burrow | 7 | |
| Barracks | 1 | |
| War Mill | 1 | |
| Voodoo Lounge | 1 | |
| Stronghold | 1 | |
| Watch Tower | 2 | |
| Spirit Lodge | 3 | |
| Fortress | 1 | |
| Beastiary | 1 | |
| Tauren Totem | 1 | |
| Great Hall | 1 | |
21 total
» build order
00:08 Altar of Storms
00:12 Orc Burrow
00:54 Barracks
01:22 Orc Burrow
01:49 War Mill
02:32 Voodoo Lounge
04:25 Stronghold
04:29 Orc Burrow
05:24 Watch Tower
05:34 Watch Tower
06:47 Spirit Lodge
06:50 Spirit Lodge
09:09 Spirit Lodge
11:07 Fortress
11:12 Orc Burrow
12:10 Beastiary
13:41 Tauren Totem
14:41 Orc Burrow
15:12 Orc Burrow
17:51 Orc Burrow
18:07 Great Hall
» items
ForDaLight.xLWx (
blue | 80 APM | 4476 actions | 55:42)
5 Paladin
2 Holy Light
3 Devotion Aura
4 Archmage
2 Blizzard
2 Brilliance Aura
1 Tauren Chieftain
1 Shockwave
3 Mountain King
1 Thunder Clap
2 Storm Bolt
» actions
| Assign group hotkey | 47 | |
| Basic commands | 166 | |
| Build / train | 110 | |
| Enter build submenu | 34 | |
| Enter hero's abilities submenu | 13 | |
| Remove unit from queue | 6 | |
| Right click | 1809 | |
| Select / deselect | 872 | |
| Select group hotkey | 1262 | |
| Use ability | 157 | |
4476 total
» units
| Peasant | 17 | |
| Rifleman | 14 | |
| Priest | 4 | |
| Mortar Team | 17 | |
| Sorceress | 5 | |
| Flying Machine | 2 | |
59 total
» upgrades
| Gunpowder | 3 | |
| Armor | 3 | |
| Masonry | 3 | |
| Long Rifles | 1 | |
| Priest Training | 2 | |
| Sorceress Training | 2 | |
| Lumber Harvesting | 2 | |
| Flare | 1 | |
| Fragmentation Shards | 1 | |
| Barrage | 1 | |
| Control Magic | 1 | |
| Magic Sentry | 1 | |
| Backpack | 1 | |
22 total
» buildings
| Altar of Kings | 1 | |
| Farm | 14 | |
| Blacksmith | 1 | |
| Barracks | 1 | |
| Lumber Mill | 1 | |
| Scout Tower | 6 | |
| Arcane Tower | 1 | |
| Keep | 1 | |
| Arcane Vault | 1 | |
| Guard Tower | 3 | |
| Arcane Sanctum | 3 | |
| Castle | 1 | |
| Workshop | 1 | |
| Town Hall | 2 | |
37 total
» build order
00:34 Altar of Kings
00:50 Farm
01:05 Blacksmith
01:13 Farm
01:21 Barracks
01:44 Lumber Mill
01:49 Scout Tower
02:00 Farm
02:38 Arcane Tower
03:35 Keep
04:02 Farm
04:27 Arcane Vault
05:25 Scout Tower
05:27 Scout Tower
05:35 Farm
05:57 Guard Tower
06:00 Arcane Sanctum
06:02 Arcane Sanctum
06:04 Arcane Sanctum
08:15 Castle
08:17 Workshop
08:21 Farm
08:57 Town Hall
09:04 Farm
09:52 Farm
11:15 Farm
13:54 Scout Tower
14:51 Guard Tower
14:55 Scout Tower
14:59 Scout Tower
15:48 Farm
15:49 Guard Tower
17:55 Farm
18:38 Farm
21:52 Farm
25:09 Farm
31:34 Town Hall
» items
Merculore (
pink | 44 APM | 2487 actions | 56:23)
6 Mountain King
3 Storm Bolt
2 Thunder Clap
1 Avatar
» actions
| Assign group hotkey | 37 | |
| Basic commands | 26 | |
| Build / train | 113 | |
| Enter build submenu | 48 | |
| Enter hero's abilities submenu | 6 | |
| Give item / drop item | 2 | |
| Remove unit from queue | 10 | |
| Right click | 877 | |
| Select / deselect | 378 | |
| Select group hotkey | 794 | |
| Use ability | 193 | |
2487 total
» units
| Peasant | 26 | |
| Footman | 8 | |
| Makrura Snapper | 2 | |
| Dragonhawk Rider | 7 | |
| Goblin Zeppelin | 3 | |
| Goblin Shredder | 1 | |
| Gryphon Rider | 9 | |
| Siege Engine | 9 | |
65 total
» upgrades
| Defend | 1 | |
| Masonry | 3 | |
| Cloud | 1 | |
| Storm Hammers | 1 | |
| Armor | 3 | |
| Swords | 3 | |
| Gunpowder | 1 | |
| Plating | 1 | |
| Magic Sentry | 1 | |
15 total
» buildings
| Barracks | 2 | |
| Farm | 14 | |
| Altar of Kings | 1 | |
| Lumber Mill | 2 | |
| Keep | 1 | |
| Town Hall | 2 | |
| Gryphon Aviary | 4 | |
| Castle | 1 | |
| Arcane Vault | 1 | |
| Scout Tower | 33 | |
| Blacksmith | 1 | |
| Guard Tower | 8 | |
| Arcane Sanctum | 1 | |
| Arcane Tower | 1 | |
| Workshop | 2 | |
74 total
» build order
01:02 Barracks
01:05 Farm
01:07 Altar of Kings
01:13 Barracks
01:22 Farm
02:16 Farm
02:33 Farm
02:58 Lumber Mill
03:53 Keep
04:52 Town Hall
05:07 Farm
05:52 Farm
06:51 Gryphon Aviary
07:57 Castle
08:00 Gryphon Aviary
08:03 Gryphon Aviary
09:03 Arcane Vault
09:34 Farm
09:39 Scout Tower
09:40 Scout Tower
09:43 Scout Tower
10:33 Gryphon Aviary
11:40 Blacksmith
11:43 Guard Tower
11:47 Scout Tower
11:48 Scout Tower
12:13 Scout Tower
12:15 Scout Tower
12:51 Town Hall
13:36 Guard Tower
13:40 Scout Tower
13:44 Farm
14:11 Arcane Sanctum
15:04 Guard Tower
15:10 Farm
15:13 Farm
15:32 Farm
15:32 Farm
15:33 Farm
15:34 Farm
15:39 Scout Tower
15:40 Scout Tower
15:41 Scout Tower
15:42 Scout Tower
16:34 Scout Tower
16:39 Scout Tower
16:40 Scout Tower
16:47 Arcane Tower
17:14 Guard Tower
17:36 Guard Tower
18:12 Scout Tower
19:00 Scout Tower
19:01 Scout Tower
19:02 Scout Tower
20:56 Lumber Mill
21:09 Guard Tower
23:48 Scout Tower
23:50 Scout Tower
23:51 Scout Tower
23:52 Scout Tower
23:54 Scout Tower
23:55 Scout Tower
23:58 Scout Tower
24:00 Scout Tower
24:01 Scout Tower
24:03 Scout Tower
25:07 Guard Tower
25:16 Scout Tower
25:17 Scout Tower
25:18 Scout Tower
25:19 Scout Tower
25:23 Guard Tower
33:15 Workshop
33:22 Workshop
» items
| Circlet of Nobility | 1 | |
| Scroll of Speed | 1 | |
| Boots of Speed | 1 | |
| Staff of Teleportation | 1 | |
| Dust of Appearance | 1 | |
5 total
PuRe_BeAsT_MoDe (
teal | 93 APM | 5188 actions | 55:33)
4 Death Knight
2 Death Coil
2 Unholy Aura
4 Dark Ranger
2 Black Arrow
2 Silence
» actions
| Assign group hotkey | 42 | |
| Basic commands | 162 | |
| Build / train | 110 | |
| Enter build submenu | 41 | |
| Enter hero's abilities submenu | 8 | |
| Give item / drop item | 3 | |
| Remove unit from queue | 1 | |
| Right click | 1784 | |
| Select / deselect | 826 | |
| Select group hotkey | 2051 | |
| Use ability | 160 | |
5188 total
» units
| Acolyte | 16 | |
| Ghoul | 4 | |
| Crypt Fiend | 9 | |
| Obsidian Statue | 5 | |
| Meatwagon | 8 | |
| Goblin Zeppelin | 1 | |
43 total
» upgrades
| Creature Attack | 3 | |
| Web | 1 | |
| Destroyer Form | 1 | |
| Burrow | 1 | |
| Creature Carapace | 2 | |
| Unholy Strength | 3 | |
| Unholy Armor | 3 | |
| Disease Cloud | 1 | |
15 total
» buildings
| Crypt | 2 | |
| Graveyard | 1 | |
| Altar of Darkness | 1 | |
| Ziggurat | 30 | |
| Tomb of Relics | 1 | |
| Nerubian Tower | 7 | |
| Halls of the Dead | 1 | |
| Sacrificial Pit | 1 | |
| Black Citadel | 1 | |
| Slaughterhouse | 1 | |
| Spirit Tower | 21 | |
| Necropolis | 1 | |
68 total
» build order
00:07 Crypt
00:13 Graveyard
00:47 Altar of Darkness
00:59 Ziggurat
01:26 Tomb of Relics
01:58 Nerubian Tower
02:12 Ziggurat
05:29 Halls of the Dead
06:28 Ziggurat
07:51 Sacrificial Pit
08:22 Black Citadel
09:27 Ziggurat
10:24 Ziggurat
11:20 Ziggurat
11:25 Slaughterhouse
12:00 Spirit Tower
12:06 Spirit Tower
12:16 Spirit Tower
14:07 Ziggurat
14:15 Ziggurat
14:18 Ziggurat
15:29 Spirit Tower
15:33 Spirit Tower
15:33 Spirit Tower
18:24 Ziggurat
18:29 Ziggurat
18:31 Ziggurat
21:08 Spirit Tower
21:09 Nerubian Tower
25:38 Crypt
27:29 Necropolis
34:28 Ziggurat
34:29 Ziggurat
37:05 Spirit Tower
37:06 Spirit Tower
38:16 Ziggurat
38:18 Ziggurat
48:32 Spirit Tower
48:34 Spirit Tower
48:35 Spirit Tower
48:45 Ziggurat
48:51 Ziggurat
48:54 Ziggurat
48:57 Ziggurat
49:00 Ziggurat
49:04 Ziggurat
49:09 Ziggurat
49:11 Ziggurat
49:18 Ziggurat
49:21 Ziggurat
49:25 Ziggurat
49:44 Spirit Tower
49:45 Spirit Tower
49:48 Nerubian Tower
49:50 Spirit Tower
49:53 Spirit Tower
49:59 Nerubian Tower
50:01 Spirit Tower
50:08 Spirit Tower
50:12 Nerubian Tower
50:18 Spirit Tower
50:20 Nerubian Tower
51:35 Ziggurat
51:40 Ziggurat
51:42 Ziggurat
52:31 Spirit Tower
52:33 Nerubian Tower
53:12 Spirit Tower
» items
| Rod of Necromancy | 2 | |
| Dust of Appearance | 1 | |
| Orb of Corruption | 2 | |
| Potion of Lesser Invulnerability | 1 | |
| Scroll of Protection | 1 | |
| Sacrificial Skull | 2 | |
| Staff of Teleportation | 1 | |
10 total
Chat log
(00:50 / Allies) Iceberg-Slim: type L for Lumber
(00:57 / Allies) bLinn: type D to drop Iceberg
(01:00 / Allies) bLinn: D
(01:00 / Allies) bLinn: D
(01:05 / Allies) Gobiner: dl
(01:39 / Allies) Gobiner: l
(05:32 / Allies) Gobiner: ty
(36:50 / All) Iceberg-Slim: gg?
(36:55 / All) PuRe_BeAsT_MoDe: lol
(37:12 / All) ForDaLight.xLWx: I will stay on this computer till tomorrow at 6 pm if thats what it takes
(37:21 / All) Iceberg-Slim: we havent made units yet
(37:34 / All) PuRe_BeAsT_MoDe: then make units
(37:35 / All) ForDaLight.xLWx: I understand the concept of tower d
(37:39 / All) ForDaLight.xLWx: you are going to lose
(37:46 / All) Gobiner: its a tricky concept
(37:46 / All) Iceberg-Slim: as you say
(38:37 / All) Iceberg-Slim: honestly
(38:41 / All) Iceberg-Slim: search for a new game
(38:45 / All) Iceberg-Slim: save us both the energy
(38:47 / All) PuRe_BeAsT_MoDe: lol
(39:14 / All) PuRe_BeAsT_MoDe: save the energy by notmassing tower
(39:47 / All) Merculore: words cannot describe how proud your parents of your open gayness
(39:59 / All) bLinn: shut up and micro your units... they seem to be dying
(40:27 / All) Iceberg-Slim: sure they can
(40:32 / All) Iceberg-Slim: they said "we love you no matter what"
(40:59 / All) bLinn: don't think your parents will ever love you after how badly you lost this game..
(41:11 / All) Merculore: fag
(41:21 / All) Gobiner: YA :)
(41:49 / All) bLinn: allow me to read u a bedtime story..
(41:58 / All) Merculore: squelched
(42:05 / All) Iceberg-Slim: gg
(42:07 / All) Iceberg-Slim: get out
(42:11 / All) Gobiner: Welcome to my ho-o-o-o-o-O ompy.
(42:19 / All) Merculore: your gonna have to kill all our buildings
(42:24 / All) Gobiner: yes
(42:27 / All) Iceberg-Slim: i will with the chims i just made
(42:27 / All) Gobiner: thats the best part
(43:00 / All) PuRe_BeAsT_MoDe: i onced fucked a bitch on her period
(43:03 / All) PuRe_BeAsT_MoDe: alll red
(43:06 / All) PuRe_BeAsT_MoDe: and fucked up
(43:15 / All) bLinn: hmm.. this is a story you have fabricated to impress us
(43:17 / All) bLinn: i do not believe it.
(43:24 / All) Gobiner: big deal
(43:27 / All) PuRe_BeAsT_MoDe: kinda like your skills
(43:28 / All) Gobiner: everyone has fucked your mom
(43:32 / All) Gobiner: it ain't no thang
(43:40 / All) bLinn: ain't a thing but a chicken wing
(45:40 / All) bLinn: better activate pure beast mode
(46:20 / All) Iceberg-Slim: gg
(46:28 / All) bLinn: quit while your still behind.. lol
(46:34 / All) Merculore: whose idea was this? and which of your are gullible queers to think this is fun?
(46:38 / All) Iceberg-Slim: gg
(46:51 / All) TIMG4STRok: Begone and enjoy your free loss.
(47:00 / All) PuRe_BeAsT_MoDe: fuck you
(47:09 / All) TIMG4STRok: was a hard win, honestly
(47:18 / All) TIMG4STRok: i made so many units, required a lot of micro
(47:23 / All) TIMG4STRok: Was very intense, how many units i made
(47:45 / All) Iceberg-Slim: gg
(47:47 / All) Iceberg-Slim: leave already
(47:56 / All) Iceberg-Slim: bow
(48:03 / All) PuRe_BeAsT_MoDe: kil all our base then ill leave
(48:04 / All) bLinn: lower your head in our presence..
(48:06 / All) Iceberg-Slim: i will tell my parents to be proud of their gay daughter
(48:08 / All) bLinn: no, just leave now
(48:23 / All) PuRe_BeAsT_MoDe: no kill my fucking base
(48:26 / All) bLinn: Roberta "Iceberg-Slim" Jaurez... you have done well today.
(49:08 / All) bLinn: quit now while your heroes are still alive... woops lol
(50:13 / All) Iceberg-Slim: gg
(50:18 / All) bLinn: see, the trick to being good at war 3 is to not suck at it..
(50:39 / All) PuRe_BeAsT_MoDe: the trick is mass tower and play like a pussy
(50:42 / All) PuRe_BeAsT_MoDe: i understand now
(50:44 / All) Iceberg-Slim: gg
(50:44 / All) bLinn: hmm. no
(50:46 / All) bLinn: you lose, bow and leave
(50:48 / All) Iceberg-Slim: you arent impressing anyone
(50:50 / All) bLinn: please bow as you leave
(50:52 / All) Iceberg-Slim: bow
(51:01 / All) PuRe_BeAsT_MoDe: i dont give a fuck
(51:03 / All) Iceberg-Slim: bpw
(51:04 / All) bLinn: bow so low you can't navigate properly and hit you head on doorframe
(51:05 / All) Iceberg-Slim: bow
(52:09 / All) Iceberg-Slim: gg
(52:10 / All) Iceberg-Slim: bow
(52:19 / All) TIMG4STRok: kiss my feet and bow at my presents
(52:19 / All) Iceberg-Slim: "i know how to play tower defense"
(52:22 / All) Iceberg-Slim: "you're going to lose"
(53:56 / All) Iceberg-Slim: BOW AND DIE
(54:02 / All) Iceberg-Slim: KOREA #1
(54:04 / All) bLinn: lower ur head.. so i may chop it off
(54:09 / All) TIMG4STRok: kiss my feet and eat some beets
(54:10 / All) PuRe_BeAsT_MoDe: fuck korea
(54:14 / All) Bael.xLWx: ^
(54:15 / All) Iceberg-Slim: KOREA #1
(54:18 / All) Iceberg-Slim: fat american
(54:18 / All) TIMG4STRok: usa #!1
(54:19 / All) Iceberg-Slim: lose game
(54:20 / All) bLinn: KROATIA #2 KROATIA #2
(54:34 / All) PuRe_BeAsT_MoDe: lmao
(54:34 / All) bLinn: Korea #1, Kroatia #2, USA #11
(54:39 / All) PuRe_BeAsT_MoDe: fuck you cunt
(55:07 / All) Iceberg-Slim: undead towers
(55:09 / All) Iceberg-Slim: l;ol
(55:10 / All) bLinn: end of the line for lord dethstrom
(55:15 / All) PuRe_BeAsT_MoDe: lol korean bitch
(55:19 / All) Iceberg-Slim: bow
(55:28 / All) Bael.xLWx: negative
(55:30 / All) PuRe_BeAsT_MoDe: bow to kim jon il and suck his dick
(55:33 / All) Iceberg-Slim: bow
(55:45 / All) TIMG4STRok: FAERM HIRDER!
(55:46 / All) Gobiner: god damn, my bird keeps flying in my face
(55:46 / All) Bael.xLWx: 8========D---- > your face
(55:53 / All) Iceberg-Slim: bow
(56:09 / All) bLinn: who remains.... I push F11 to discover
(56:13 / All) bLinn: MERCULORE...